 Dungeon Crawl Stone Soup version 0.31-a0-981-geadf994542 (webtiles) character file.

Game seed: 11454529769786516195

77 Whiskey the Changeling (level 4, 0/28 HPs)
             Began as an Octopode Shapeshifter on Nov 2, 2023.
             Succumbed to Sigmund's poison
             ... on level 3 of the Dungeon.
             The game lasted 00:03:21 (1644 turns).

Whiskey the Changeling (Octopode Shapeshifter)      Turns: 1644, Time: 00:03:22

Health: 0/28       AC:  5    Str: 13    XL:     4   Next: 34%
Magic:  13/13      EV: 13    Int: 14    God:
Gold:   88         SH:  0    Dex: 11    Spells: 3/3 levels left

rFire   . .          .
                       - Unarmed
rCold   . . .        (no shield)
rNeg    . . .        (helmet currently unavailable)
rPois   +            h - amulet of magic regeneration
rElec   .            e - +4 ring of protection
rCorr   +            m - ring of resist corrosion
SInv    .            k - ring of magical power {MP+9}
Will    .....        o - ring of poison resistance {rPois, !d}
Stlth   ++           (no ring)
HPRegen 0.24/turn    (no ring)
MPRegen 0.53/turn    (no ring)
                     (no ring)

%: no passive effects
@: lethally poisoned (0 -> -18), beast-form
A: beast (slay +2), almost no armour, amphibious, 8 rings, camouflage 1,
gelatinous body 1, (nimble swimmer 1), tentacles
a: Begin Untransformation


You were on level 3 of the Dungeon.
You were a hulking beast.
You visited 1 branch of the dungeon, and saw 3 of its levels.

You collected 88 gold pieces.

Inventory:

Missiles
 p - a throwing net {=f, !d}
Jewellery
 e - a +4 ring of protection (left tentacle)
   (You found it on level 1 of the Dungeon)
 h - an amulet of magic regeneration (around mantle)
   (You found it on level 1 of the Dungeon)
 k - a ring of magical power (on tentacle) {MP+9}
   (You found it on level 2 of the Dungeon)
 m - a ring of resist corrosion (right tentacle)
   (You found it on level 2 of the Dungeon)
 o - a ring of poison resistance (on tentacle) {rPois, !d}
   (You found it on level 2 of the Dungeon)
Talismans
 b - a beast talisman
 c - a flux talisman
Wands
 n - a wand of flame (20)
   (You found it on level 2 of the Dungeon)
Scrolls
 d - a scroll of torment {unknown}
 f - 5 scrolls of identify {unknown}
Potions
 a - a potion of lignification {!q}
 g - a potion of curing {unknown}
 i - a potion of magic
 j - a potion of enlightenment {unknown}
 l - a potion of cancellation {unknown}


   Skills:
 - Level 1.0 Fighting
 - Level 2.0 Dodging
 - Level 3.0 Unarmed Combat
 * Level 4.7 Shapeshifting


You had 3 spell levels left.
You didn't know any spells.
Your spell library contained the following spells:

 Spells                   Type           Power      Damage    Failure   Level
 Cigotuvi's Dreadful Rot  Necr/Pois/Air  0%         N/A       41%         2
 Ignite Poison            Fire/Tmut/Pois 0%         N/A       65%         3
 Freezing Cloud           Conj/Ice/Air   0%         6-21      100%        5


Dungeon Overview and Level Annotations

Branches:
Dungeon (3/15)

Altars:
Hepliaklqana
Okawaru
Qazlal
Xom

Annotations:
D:3 Sigmund


Innate Abilities, Weirdness & Mutations

You are a hulking beast.
Your limbs bulge with bestial killing power. (Slay +2)
You cannot wear most types of armour.
You are amphibious.
You can wear up to eight rings at the same time.
Your skin changes colour to match your surroundings (Stealth+).
Your rubbery body absorbs attacks. (AC +1, EV +1)
((You are camouflaged when in or above water. (Stealth+)))
You have tentacles for arms and can constrict up to eight enemies at once.


Message History

The hobgoblin hits you.
You take 1 damage, and have 16/28 hp.
The hobgoblin attacks as it pursues you!
The hobgoblin hits you but does no damage.
The hobgoblin attacks as it pursues you!
The hobgoblin barely misses you.
The hobgoblin attacks as it pursues you!
The hobgoblin hits you.
You take 3 damage, and have 15/28 hp.
The hobgoblin attacks as it pursues you!
The hobgoblin hits you.
You take 3 damage, and have 12/28 hp.
The hobgoblin attacks as it pursues you!
The hobgoblin hits you.
You take 1 damage, and have 11/28 hp.
There is a stone staircase leading up here.
The hobgoblin hits you.
You climb upwards.
There is a stone staircase leading down here.
You take 1 damage, and have 10/28 hp.
You are too injured to fight recklessly!
You are too injured to fight recklessly!
You tentacle-slap the hobgoblin. You grab the hobgoblin.
You constrict the hobgoblin, but do no damage.
The hobgoblin closely misses you.
You bludgeon the hobgoblin!
You kill the hobgoblin!
You start resting.
Health restored: 28 You climb downwards.
The goblin hits you but does no damage.
There is a stone staircase leading up here.
You bludgeon the goblin!
You kill the goblin!
A gnoll is nearby!
The gnoll misses you. The gnoll barely misses you.
You tentacle-slap the gnoll but do no damage.
Your grab misses the gnoll. The gnoll hits you but does no damage.
You tentacle-slap the gnoll but do no damage.
You grab the gnoll.
You constrict the gnoll, but do no damage.
The gnoll closely misses you.
You tentacle-slap the gnoll.
You constrict the gnoll, but do no damage.
The gnoll hits you with a +0 spear.
You take 3 damage, and have 25/28 hp.
You tentacle-slap the gnoll. You squeeze the gnoll.
You kill the gnoll!
No target in view!
No target in view!
No target in view!
No target in view!
No target in view!
No target in view!
No target in view!
No target in view!
No target in view!
No target in view!
You see here a +0 spear.
f - 5 scrolls labelled WEUNTI LITA (gained 1)
You see here a +0 whip.
You see here a +0 club.
There is a stone staircase leading down here.
There is a stone staircase leading down here.
You see here a +0 spear.
You see here a +0 club.
You see here a hobgoblin skeleton.
You open the door.
Found an escape hatch in the ceiling.
Health restored: 28
There is an open door here.
You open the door.
Sigmund the Dreaded comes into view.
He is wielding a +2 scythe of venom.
Sigmund shouts!
Sigmund misses you.
There is an open door here.
You tentacle-slap Sigmund but do no damage.
Your grab misses Sigmund. Your squeeze misses Sigmund.
You tentacle-slap Sigmund. Your grab misses Sigmund.
Sigmund casts a spell at you. The magic dart hits you.
You take 2 damage, and have 26/28 hp.
You tentacle-slap Sigmund. Your grab misses Sigmund.
Sigmund hits you with a +2 scythe of venom!
You are poisoned.
You take 8 damage, and have 18/28 hp.
MASSIVE DAMAGE!!
You closely miss Sigmund. Your grab misses Sigmund.
You feel very sick. Sigmund completely misses you.
You take 2 damage, and have 16/28 hp.
You closely miss Sigmund. Your grab misses Sigmund.
You feel sick.
You take 2 damage, and have 14/28 hp.
You are too injured to fight recklessly!
You feel sick.
Sigmund hits you from afar with a +2 scythe of venom!
* * * LOW HITPOINT WARNING * * *
You are more poisoned.
You take 9 damage, and have 5/28 hp.
MASSIVE DAMAGE!!
It was a potion of magic.
Magic courses through your body.
You die...

#.......#...#
...
#...........###
....
#......##...'<#
....
#########...#.#
.....
#####.##.....
#.........
#...##....
#.#.## ##
#.#.h# #.##'#
#.#.@...#
#.#.....#
#.#.....#
(.......#
.......#
...#...+ ....
#..#


You could see Sigmund.

Vanquished Creatures
  3 gnolls (D:3)
  An adder (D:2)
  2 dart slugs
  5 ball pythons
  An endoplasm (D:1)
  A giant cockroach (D:2)
  5 goblins
  5 hobgoblins
  2 bats (D:2)
  3 frilled lizards
  4 kobolds
  2 rats
34 creatures vanquished.

Notes
Turn   | Place    | Note
-------+----------+-------------------------------------------
     0 | D:1      | Whiskey the Octopode Shapeshifter began the quest for the
                  | Orb.
     0 | D:1      | Reached XP level 1. HP: 13/13 MP: 1/1
   133 | D:1      | Reached XP level 2. HP: 18/18 MP: 2/2
   969 | D:2      | Reached XP level 3. HP: 22/23 MP: 3/3
   969 | D:2      | Found a stormy altar of Qazlal.
  1036 | D:2      | Reached skill level 4 in Shapeshifting
  1288 | D:3      | Found an iron altar of Okawaru.
  1310 | D:3      | Found a hazy altar of Hepliaklqana.
  1314 | D:3      | Found a shimmering altar of Xom.
  1375 | D:3      | Reached XP level 4. HP: 23/28 MP: 4/4
  1636 | D:3      | Noticed Sigmund
  1643 | D:3      | HP: 5/28 [Sigmund/+2 scythe of venom (7)]
  1644 | D:3      | Succumbed to Sigmund's poison

Illustrated notes

Levels and vault maps discovered:
D:1:      lightli_arrival_windingriver, layout_loops_cross
D:2:      layout_loops_cross, basic_altar
D:3:      layout_basic, minitemple, amethyst_killhole, roderic_lattice_a,
          uniq_sigmund

Skill      XL: |  1  2  3 |
---------------+----------+-----
Shapeshifting  | 4 |  4.7
Fighting       | |  1.0
Dodging        | |  2.0
Unarmed Combat | |  3.0

Action                     |  1- 3 |  4- 6 || total
---------------------------+-------+-------++-------
  Melee: Unarmed           |    54 |    12 ||    66
         Constrict         |    18 |     2 ||    20
         Tentacles         |    12 |     1 ||    13
         Punch             |     2 |       ||     2
    Use: Potion            |       |     1 ||     1
   Stab: Sleeping          |     6 |       ||     6
 Armour: Skin              |    14 |    15 ||    29
  Dodge: Dodged            |    31 |     9 ||    40

Table legend: (Time is in decaauts)
 A = Elapsed time spent in this place.
 B = Non-inter-level travel time spent in this place.
 C = Inter-level travel time spent in this place.
 D = Time resting spent in this place.
 E = Time spent auto-exploring this place.
 F = Levels seen in this place.
 G = Mean time per level.
                   A        B        C        D        E       F      G
               +--------+--------+--------+--------+--------+-----+--------+
         Total |   1638 |   1571 |     67 |     71 |   1262 |   3 |  546.0 |
       Dungeon |   1638 |   1571 |     67 |     71 |   1262 |   3 |  546.0 |
               +--------+--------+--------+--------+--------+-----+--------+

Top non-repeatable levels by time:
     D:1: 690 daAuts
     D:2: 661 daAuts
     D:3: 286 daAuts

Levels and vault maps discovered:
D:1:      lightli_arrival_windingriver, layout_loops_cross
D:2:      layout_loops_cross, basic_altar
D:3:      layout_basic, minitemple, amethyst_killhole, roderic_lattice_a,
          uniq_sigmund

Table legend: (Time is in decaauts)
 A = Elapsed time spent in this place.
 B = Non-inter-level travel time spent in this place.
 C = Inter-level travel time spent in this place.
 D = Time resting spent in this place.
 E = Time spent auto-exploring this place.
 F = Levels seen in this place.
 G = Mean time per level.
                   A        B        C        D        E       F      G
               +--------+--------+--------+--------+--------+-----+--------+
         Total |   1638 |   1571 |     67 |     71 |   1262 |   3 |  546.0 |
       Dungeon |   1638 |   1571 |     67 |     71 |   1262 |   3 |  546.0 |
               +--------+--------+--------+--------+--------+-----+--------+

Top non-repeatable levels by time:
     D:1: 690 daAuts
     D:2: 661 daAuts
     D:3: 286 daAuts

Table legend:
 A = Kills in this place as a percentage of kills in the entire game.
 B = Kills by you in this place as a percentage of kills by you in the entire game.
 C = Kills by friends in this place as a percentage of kills by friends in the entire game.
 D = Other kills in this place as a percentage of other kills in the entire game.
 E = Experience gained in this place as a percentage of experience gained in the entire game.
 F = Experience gained in this place divided by the number of levels of this place that you have seen.
                   A       B       C       D       E      F
               +-------+-------+-------+-------+-------+----------------------
         Total | 100.0 | 100.0 |   N/A |   N/A | 100.0 |  37.0
       Dungeon | 100.0 | 100.0 |   N/A |   N/A | 100.0 |  37.0
               +-------+-------+-------+-------+-------+----------------------
